 Dungeon Crawl Stone Soup version 0.31-a0-152-g6aa68a64a1 (webtiles) character file.

Game seed: 2118748438021186006

767 qw the Shooter (level 7, -6/66 HPs)
             Began as a Naga Hunter on June 9, 2023.
             Mangled by Duvessa
             ... wielding a +0 short sword
              (14 damage)
             ... on level 5 of the Dungeon.
             The game lasted 00:01:23 (3848 turns).

qw the Shooter (Naga Hunter)                        Turns: 3848, Time: 00:01:23

Health: -6/66      AC:  6    Str: 13    XL:     7   Next: 82%
Magic:  7/7        EV: 10    Int: 10    God:
Gold:   225        SH:  0    Dex: 16    Spells: 6/6 levels left

rFire   . . .        Y - +0 shortbow
rCold   . . .        (shield currently unavailable)
rNeg    . . .        c - +0 leather armour
rPois   +            h - +0 helmet
rElec   .            a - +0 cloak
rCorr   .            (no gloves)
SInv    +            (no barding)
Will    .....        (no amulet)
Stlth   ++           (no ring)
HPRegen 0.31/turn    (no ring)
MPRegen 0.10/turn

%: no passive effects
@: about to teleport, very slow
A: AC +2, large, see invisible, deformed body, poison resistance, slowness 2,
spit poison 1, naga tail 1
a: Spit Poison


You were on level 5 of the Dungeon.
You visited 1 branch of the dungeon, and saw 5 of its levels.

You collected 265 gold pieces.
You spent 40 gold pieces at shops.


Innate Abilities, Weirdness & Mutations

Your serpentine skin is tough. (AC +2)
You have supernaturally acute eyesight. (SInv)
Armour fits poorly on your strangely shaped body.
Your system is resistant to poisons. (rPois)
You cover ground very slowly.
You can spit poison.
You have a snake-like lower body.


   Skills:
 - Level 4.3 Fighting
 + Level 7.3 Ranged Weapons
 - Level 1.4 Armour
 - Level 2.1 Dodging
 - Level 1.5 Stealth


You had 6 spell levels left.
You didn't know any spells.
Your spell library was empty.

Inventory:

Hand Weapons
 Y - a +0 shortbow (weapon)
Armour
 a - a +0 cloak (worn)
 c - a +0 leather armour (worn)
 h - a +0 helmet (worn)
Jewellery
 f - a ring of protection from cold
Scrolls
 g - a scroll of teleportation
 l - a scroll of identify
Potions
 b - a potion of might
 d - a potion of resistance
 e - a potion of haste
 i - a potion of mutation {unknown}
 j - a potion of magic {unknown}

Dungeon Overview and Level Annotations

Branches:
Dungeon (5/15)
 Temple: D:4-7

Altars:
Cheibriados
Xom
The Shining One

Shops:
D:3 ?

Annotations:
D:4 3 runed translucent doors, qw's ghost, amateur MiHu
D:5 Duvessa


Message History

Duvessa is lightly wounded.
Duvessa closely misses you. Duvessa barely misses you.
You shoot an arrow. The arrow closely misses Duvessa.
Duvessa hits you with a +0 short sword!
You shoot an arrow. The arrow barely misses Duvessa.
Duvessa hits you with a +0 short sword! Duvessa closely misses you.
You shoot an arrow.
The arrow hits Duvessa but does no damage.
Duvessa is lightly wounded.
You have got your breath back.
Duvessa barely misses you. Duvessa hits you with a +0 short sword.
3842 ||| INVOKING Spit Poison.
Aiming: Spit Poison (1% risk of failure)
Press: ? - help, Shift-Dir - straight line, f/p - Duvessa The splash of poison hits Duvessa but does no damage.
Duvessa is poisoned.
Duvessa is lightly wounded.
Duvessa barely misses you.
You shoot an arrow. The arrow hits Duvessa!
Duvessa is moderately wounded.
Duvessa hits you with a +0 short sword! Duvessa hits you with a +0 short sword.
You shoot an arrow. The arrow hits Duvessa.
Duvessa is moderately wounded.
Duvessa closely misses you.
You shoot an arrow.
The arrow hits Duvessa but does no damage.
Duvessa is moderately wounded.
Duvessa misses you. Duvessa barely misses you.
You shoot an arrow. The arrow hits Duvessa.
Duvessa is moderately wounded.
Duvessa closely misses you. Duvessa hits you with a +0 short sword!
You shoot an arrow. The arrow hits Duvessa!
Duvessa is heavily wounded.
You have got your breath back.
Duvessa looks more healthy.
Duvessa hits you with a +0 short sword!
3848 ||| READING 2 scrolls of teleportation.
As you read the scroll of teleportation, it crumbles to dust.
You feel strangely unstable. Duvessa hits you with a +0 short sword!
You die...

#$. #.... ##?.## #.8##
#....### ##.##
#......########
.##.............### ##
....$...........#.###.
.###............8.8.8.
...#.#....####......8...
......)@...# ###.......#
......e....## #....8..#
............# ##..#....#
#...........###...#...##
##..........##...##...##
...8.8..........###....#
.#........#...###....###
#.8.8##...<### ###.##
##..## ###


You could see Duvessa (berserk).

Vanquished Creatures
  A black bear (D:4)
  An ogre (D:4)
  A phantom (D:4)
  A scorpion (D:5)
  Dowan (D:5)
  A jelly (D:4)
  A hound (D:4)
  An orc priest (D:4)
  2 orc wizards (D:4)
  Ijyb (D:3)
  3 iguanas
  11 adders
  An ufetubus (D:4)
  A worm (D:3)
  3 orcs
  8 ball pythons
  8 endoplasms
  2 giant cockroaches
  5 goblins
  7 hobgoblins
  4 jackals (D:2)
  3 quokkas
  A bat (D:2)
  3 frilled lizards
  5 kobolds
  3 rats
79 creatures vanquished.

Notes
Turn   | Place    | Note
-------+----------+-------------------------------------------
     0 | D:1      | qw the Naga Hunter began the quest for the Orb.
     0 | D:1      | Reached XP level 1. HP: 19/19 MP: 1/1
     0 | D:1      | 0 ||| qw: Version: 0.2-a-122-gbc61b45
     0 | D:1      | 0 ||| qw: Game counter: 3378
     0 | D:1      | 0 ||| qw: Always use a shield: true
     0 | D:1      | 0 ||| qw: God list: Okawaru
     0 | D:1      | 0 ||| qw: Allow faded altars: false
     0 | D:1      | 0 ||| qw: Do Orc after D:15 true
     0 | D:1      | 0 ||| qw: Do second Lair branch before Depths: true
     0 | D:1      | 0 ||| qw: Lair rune preference: random
     0 | D:1      | 0 ||| qw: Plans: Normal
     0 | D:1      | 0 ||| PLANNING D:1-11
    33 | D:1      | 33 ||| INVOKING Spit Poison.
   115 | D:1      | 115 ||| INVOKING Spit Poison.
   170 | D:1      | 170 ||| INVOKING Spit Poison.
   173 | D:1      | 173 ||| INVOKING Spit Poison.
   178 | D:1      | Reached skill level 4 in Ranged Weapons
   178 | D:1      | Reached XP level 2. HP: 23/26 MP: 2/2
   201 | D:1      | 201 ||| INVOKING Spit Poison.
   227 | D:1      | 227 ||| INVOKING Spit Poison.
   253 | D:1      | 253 ||| INVOKING Spit Poison.
   427 | D:1      | 427 ||| UPGRADING to +0 helmet.
   432 | D:1      | 432 ||| READING scroll labelled PIM ORYRICH.
   435 | D:1      | 435 ||| DRINKING 2 puce potions.
   436 | D:1      | 436 ||| DROPPING scroll of butterflies.
   460 | D:2      | 460 ||| INVOKING Spit Poison.
   464 | D:2      | 464 ||| STAIRDANCE
   466 | D:1      | 466 ||| INVOKING Spit Poison.
   501 | D:2      | 501 ||| INVOKING Spit Poison.
   583 | D:2      | 583 ||| INVOKING Spit Poison.
   587 | D:2      | Reached XP level 3. HP: 32/32 MP: 3/3
   675 | D:2      | 675 ||| INVOKING Spit Poison.
   761 | D:2      | 761 ||| INVOKING Spit Poison.
   767 | D:2      | 767 ||| INVOKING Spit Poison.
   773 | D:2      | 773 ||| INVOKING Spit Poison.
   776 | D:2      | 776 ||| INVOKING Spit Poison.
   780 | D:2      | HP: 8/32 [jackal (2)]
   781 | D:2      | 781 ||| DRINKING potion of heal wounds.
   783 | D:2      | 783 ||| INVOKING Spit Poison.
   791 | D:2      | 791 ||| INVOKING Spit Poison.
   795 | D:2      | 795 ||| INVOKING Spit Poison.
   796 | D:2      | Reached skill level 5 in Ranged Weapons
   796 | D:2      | Reached XP level 4. HP: 35/39 MP: 4/4
   872 | D:2      | 872 ||| INVOKING Spit Poison.
   893 | D:2      | 893 ||| INVOKING Spit Poison.
   917 | D:2      | 917 ||| INVOKING Spit Poison.
   935 | D:2      | 935 ||| INVOKING Spit Poison.
   964 | D:2      | 964 ||| INVOKING Spit Poison.
  1114 | D:2      | 1114 ||| INVOKING Spit Poison.
  1117 | D:2      | 1117 ||| INVOKING Spit Poison.
  1118 | D:2      | 1118 ||| INVOKING Spit Poison.
  1165 | D:2      | 1165 ||| INVOKING Spit Poison.
  1270 | D:2      | 1270 ||| INVOKING Spit Poison.
  1298 | D:2      | 1298 ||| READING 2 scrolls labelled POOV RIPHOELUIR.
  1371 | D:2      | 1371 ||| READING scroll labelled ISIUDI GOFFY.
  1372 | D:2      | 1372 ||| DROPPING scroll of torment.
  1406 | D:3      | 1406 ||| INVOKING Spit Poison.
  1430 | D:3      | 1430 ||| INVOKING Spit Poison.
  1464 | D:3      | 1464 ||| INVOKING Spit Poison.
  1465 | D:3      | Reached skill level 3 in Fighting
  1470 | D:3      | 1470 ||| INVOKING Spit Poison.
  1475 | D:3      | 1475 ||| INVOKING Spit Poison.
  1479 | D:3      | 1479 ||| INVOKING Spit Poison.
  1482 | D:3      | 1482 ||| INVOKING Spit Poison.
  1566 | D:3      | 1566 ||| INVOKING Spit Poison.
  1569 | D:3      | 1569 ||| INVOKING Spit Poison.
  1638 | D:3      | Found a glowing golden altar of the Shining One.
  1667 | D:3      | 1667 ||| INVOKING Spit Poison.
  1672 | D:3      | Reached XP level 5. HP: 22/49 MP: 5/5
  1829 | D:3      | 1829 ||| INVOKING Spit Poison.
  1836 | D:3      | 1836 ||| INVOKING Spit Poison.
  1932 | D:3      | Noticed Ijyb
  1933 | D:3      | 1933 ||| INVOKING Spit Poison.
  1939 | D:3      | 1939 ||| INVOKING Spit Poison.
  1945 | D:3      | 1945 ||| INVOKING Spit Poison.
  1950 | D:3      | 1950 ||| INVOKING Spit Poison.
  1952 | D:3      | Killed Ijyb
  2038 | D:3      | Found Bojeym's Magic Scroll Boutique.
  2043 | D:3      | 2043 ||| BUYING scroll of identify (20 gold).
  2043 | D:3      | Bought a scroll of identify for 20 gold pieces
  2043 | D:3      | 2043 ||| BUYING scroll of identify (20 gold).
  2043 | D:3      | Bought a scroll of identify for 20 gold pieces
  2134 | D:3      | 2134 ||| INVOKING Spit Poison.
  2156 | D:3      | 2156 ||| INVOKING Spit Poison.
  2454 | D:3      | 2454 ||| UPGRADING to +0 cloak.
  2459 | D:3      | 2459 ||| READING scroll labelled EMOYLE IMECLO.
  2460 | D:3      | 2460 ||| DRINKING 2 yellow potions.
  2461 | D:3      | 2461 ||| DRINKING 2 smoky purple potions.
  2484 | D:3      | 2484 ||| READING 2 scrolls of identify.
  2484 | D:3      | 2484 ||| IDENTIFYING orange potion
  2485 | D:3      | 2485 ||| DROPPING potion of brilliance.
  2486 | D:3      | 2486 ||| DROPPING potion of lignification.
  2512 | D:4      | 2512 ||| INVOKING Spit Poison.
  2578 | D:4      | Found a shimmering altar of Xom.
  2601 | D:4      | 2601 ||| INVOKING Spit Poison.
  2619 | D:4      | 2619 ||| INVOKING Spit Poison.
  2620 | D:4      | Noticed a black bear
  2623 | D:4      | 2623 ||| INVOKING Spit Poison.
  2629 | D:4      | 2629 ||| INVOKING Spit Poison.
  2629 | D:4      | Killed a black bear
  2630 | D:4      | Reached skill level 6 in Ranged Weapons
  2630 | D:4      | Reached XP level 6. HP: 30/56 MP: 6/6
  2743 | D:4      | 2743 ||| INVOKING Spit Poison.
  2747 | D:4      | 2747 ||| INVOKING Spit Poison.
  2750 | D:4      | 2750 ||| INVOKING Spit Poison.
  2838 | D:4      | 2838 ||| INVOKING Spit Poison.
  2847 | D:4      | 2847 ||| INVOKING Spit Poison.
  2853 | D:4      | Found a runed translucent gate.
  2853 | D:4      | Found a runed translucent gate.
  2853 | D:4      | Found a runed translucent gate.
  2854 | D:4      | Noticed qw's ghost (amateur MiHu)
  2887 | D:4      | Found a snail-covered altar of Cheibriados.
  2987 | D:4      | 2987 ||| INVOKING Spit Poison.
  2990 | D:4      | Reached XP level 7. HP: 66/66 MP: 7/7
  2991 | D:4      | 2991 ||| INVOKING Spit Poison.
  2998 | D:4      | 2998 ||| INVOKING Spit Poison.
  3011 | D:4      | 3011 ||| INVOKING Spit Poison.
  3039 | D:4      | 3039 ||| INVOKING Spit Poison.
  3043 | D:4      | 3043 ||| INVOKING Spit Poison.
  3049 | D:4      | 3049 ||| INVOKING Spit Poison.
  3055 | D:4      | Reached skill level 7 in Ranged Weapons
  3055 | D:4      | 3055 ||| INVOKING Spit Poison.
  3219 | D:4      | 3219 ||| INVOKING Spit Poison.
  3239 | D:4      | 3239 ||| INVOKING Spit Poison.
  3242 | D:4      | 3242 ||| INVOKING Spit Poison.
  3342 | D:4      | 3342 ||| INVOKING Spit Poison.
  3470 | D:4      | 3470 ||| READING scroll labelled KECLAS CINEAH.
  3471 | D:4      | 3471 ||| READING scroll labelled FOEPRU MAMO.
  3472 | D:4      | 3472 ||| READING scroll labelled GYDEAPOAKA.
  3473 | D:4      | 3473 ||| DRINKING 2 bubbling clear potions.
  3474 | D:4      | 3474 ||| READING 2 scrolls of identify.
  3474 | D:4      | 3474 ||| IDENTIFYING bubbling golden potion
  3505 | D:5      | Entered Level 5 of the Dungeon
  3527 | D:5      | Noticed Dowan
  3529 | D:5      | Noticed Duvessa
  3530 | D:5      | 3530 ||| INVOKING Spit Poison.
  3532 | D:5      | Killed Dowan
  3533 | D:5      | Reached skill level 1 in Armour
  3537 | D:5      | 3537 ||| INVOKING Spit Poison.
  3537 | D:5      | HP: 11/66 [Duvessa/+0 short sword (6)]
  3538 | D:5      | 3538 ||| READING 3 scrolls of teleportation.
  3538 | D:5      | HP: 3/66 [Duvessa/+0 short sword (9)]
  3539 | D:5      | 3539 ||| DRINKING potion of heal wounds.
  3724 | D:5      | 3724 ||| INVOKING Spit Poison.
  3731 | D:5      | 3731 ||| INVOKING Spit Poison.
  3776 | D:5      | 3776 ||| INVOKING Spit Poison.
  3835 | D:5      | 3835 ||| INVOKING Spit Poison.
  3842 | D:5      | 3842 ||| INVOKING Spit Poison.
  3847 | D:5      | HP: 8/66 [Duvessa/+0 short sword (11)]
  3848 | D:5      | 3848 ||| READING 2 scrolls of teleportation.
  3848 | D:5      | Mangled by Duvessa

Levels and vault maps discovered:
D:1:      dpeg_arrival_line_fractal, layout_basic
D:2:      layout_loops_corners, minmay_tetromino_l4
D:3:      layout_basic, lemuel_doored_altar, serial_shops,
          nicolae_shop_rolling_square, serial_forest, infiniplex_forest_split,
          infiniplex_forest_lined_room_2, infiniplex_forest_clump_long,
          infiniplex_forest_lined_ring, infiniplex_forest_end_3,
          infiniplex_forest_end_2, infiniplex_forest_lined_corner,
          infiniplex_forest_diagonal, uniq_ijyb
D:4:      layout_gridville, mainiacjoe_overflow_surrounded_room,
          mainiacjoe_overflow_paths, ebering_ghost_rock_garden
D:5:      layout_cave_pools, mainiacjoe_overflow_concentric_impassable,
          mainiacjoe_overflow_two_lobes, minmay_temple_entry_statues_pillars,
          serial_column_ruins, column_ruins_pillar_2, column_ruins_pillar_3,
          column_ruins_pillar_4, column_ruins_pillar_2, column_ruins_pillar_3,
          column_ruins_pillar_6, column_ruins_pillar_3, column_ruins_pillar_1,
          column_ruins_pillar_7, column_ruins_pillar_3, column_ruins_pillar_6,
          column_ruins_pillar_6, column_ruins_pillar_9,
          kennysheep_generic_room_3, uniq_duvessa, uniq_crazy_yiuf_cottage

Skill      XL: |  1  2  3  4  5  6  7 |
---------------+----------------------+-----
Ranged Weapons | 4 5 6 7 |  7.3
Fighting       | 3 4 |  4.3
Dodging        | 2 |  2.1
Armour         | 1 |  1.4
Stealth        | |  1.5

Action                     |  1- 3 |  4- 6 |  7- 9 || total
---------------------------+-------+-------+-------++-------
   Fire: Shortbow          |    58 |   114 |    61 ||   233
Ability: Spit Poison       |    19 |    38 |    18 ||    75
    Use: Potion            |     2 |     2 |     2 ||     6
         Scroll            |     1 |     4 |     6 ||    11
 Armour: Leather armour    |    20 |    20 |     6 ||    46
  Dodge: Dodged            |    40 |    21 |    17 ||    78

Table legend:
 A = Non-vault XP
 B = Vault XP
 C = Vault XP percentage of total XP
 D = Non-vault monster count
 E = Vault monster count
 F = Vault count percentage of total count
                 A         B        C        D         E       F
            +---------+---------+-------+---------+---------+-------
      Total |     980 |     116 |  10.6 |      75 |       4 |   5.1
            +---------+---------+-------+---------+---------+-------
        D:1 |      20 |       0 |   0.0 |      12 |       0 |   0.0
        D:2 |      87 |      14 |  13.9 |      23 |       2 |   8.0
        D:3 |      96 |      36 |  27.3 |      14 |       1 |   6.7
        D:4 |     685 |       0 |   0.0 |      24 |       0 |   0.0
        D:5 |      92 |      66 |  41.8 |       2 |       1 |  33.3
            +---------+---------+-------+---------+---------+-------
